 Dungeon Crawl Stone Soup version 0.12.2-14-g7c90c79 (webtiles) character file.

228 MarVin the Skirmisher (level 3, -1/30 HPs)
             Began as a Demonspawn Fighter on Aug 5, 2013.
             Killed by nerve-wracking pain
             ... invoked by an orc priest
              (8 damage)
             ... on Level 3 of the Dungeon.
             The game lasted 00:04:00 (1989 turns).

MarVin the Skirmisher (Demonspawn Fighter)          Turns: 1989, Time: 00:04:03

HP  -1/30        AC  6     Str 17      XL: 3   Next: 64%
MP   2/2         EV  9     Int  9      God:
Gold 175         SH 18     Dex 12      Spells:  0 memorised,  2 levels left

Res.Fire  : . . .   See Invis. : .   a - +0 hand axe {=f}
Res.Cold  : . . .   Warding    : .   b - +0 scale mail
Life Prot.: . . .   Conserve   : .   c - +0 shield
Res.Poison: +       Res.Corr.  : .   (no helmet)
Res.Elec. : .       Clarity    : .   (no cloak)
Sust.Abil.: . .     Spirit.Shd : .   (no gloves)
Res.Mut.  : .       Stasis     : .   (no boots)
Res.Rott. : .       Ctrl.Telep.: .   u - amulet of rage
Saprovore : . . .   Flight     : .   w - +4 ring of evasion
                                     l - ring of poison resistance {unknown}

@: not resistant to hostile enchantments, extremely unstealthy
A: hooves 1
a: Evoke Berserk Rage


You were on level 3 of the Dungeon.
You were not hungry.

You visited 1 branch of the dungeon, and saw 3 of its levels.

You collected 155 gold pieces.

Inventory:

Hand weapons
 a - a +0,+0 hand axe (weapon) {=f}
Missiles
 p - 2 needles of sleeping
Armour
 b - a +0 scale mail (worn)
 c - a +0 shield (worn)
Comestibles
 d - 3 bread rations
 f - a choko
 x - a meat ration
Scrolls
 e - 4 scrolls of remove curse {unknown}
 g - 6 scrolls of identify {unknown}
 h - a scroll of noise {unknown}
 i - a scroll of curse jewellery {unknown}
 j - 2 scrolls of fear {unknown}
 k - 2 scrolls of teleportation {unknown}
 m - a scroll of enchant weapon I {unknown}
 n - a scroll of curse weapon {unknown}
 o - 2 scrolls of blinking {unknown}
 q - a scroll of enchant weapon II {unknown}
Jewellery
 l - a ring of poison resistance (left hand) {unknown}
 t - an uncursed ring of ice
 u - an amulet of rage (around neck)
 v - an uncursed ring of ice
 w - a +4 ring of evasion (right hand)
 y - an uncursed amulet of guardian spirit {unknown}
Potions
 r - a potion of brilliance {unknown}
 s - a potion of speed {unknown}


   Skills:
 + Level 3.2 Fighting
 + Level 2.1 Axes
 + Level 3.1 Armour
 + Level 0.6 Dodging
 + Level 3.2 Shields
 + Level 0.1 Traps


You had 2 spell levels left.
You didn't know any spells.

Dungeon Overview and Level Annotations

Branches:
Dungeon (3/27)

Altars:


Innate Abilities, Weirdness & Mutations

You have large cloven feet.


Message History

You kill the orc!
You barely miss the orc. Your kick misses the orc. The orc hits you.
You hit the orc.
The orc is lightly wounded.
You block the orc's attack. The orc hits you.
You hit the orc. Your kick misses the orc.
The orc is severely wounded.
The orc misses you.
Your shield and scale mail prevent you from hitting the orc.
The orc is severely wounded.
You block the orc's attack.
You closely miss the orc. You kick the orc.
You kill the orc!
You barely miss the orc priest.
The orc priest mumbles some strange prayers to Beogh against you.
Something smites you!
* * * LOW HITPOINT WARNING * * *
The orc priest mumbles some strange prayers to Beogh against you.
Pain shoots through your body!
You die...

#### ...# ...###########
...#...........
...#.#<........
...#.###############
...#.#..........@oo#
...#.#.###########.####.#
...#.#.#..............o.#
)....#.#.##.#.####.#....o....
###.##.#.##......#......#.#.
...........................
###.##.#.##......#...##.#.#
###.##.#.##......#...# .# #
.##.##.#.##......#...##.#


You could see an orc priest and an orc.

Vanquished Creatures
  2 giant geckos
  3 orcs (D:3)
  2 ball pythons
  10 bats
  2 giant cockroaches (D:3)
  7 hobgoblins
  6 kobolds
  4 giant newts
  4 goblins (D:1)
  9 rats
49 creatures vanquished.

Notes
Turn   | Place    | Note
--------------------------------------------------------------
     0 | D:1      | MarVin, the Demonspawn Fighter, began the quest for the Orb.
     0 | D:1      | Reached XP level 1. HP: 18/18 MP: 0/0
   159 | D:1      | Reached XP level 2. HP: 21/24 MP: 1/1
   898 | D:2      | Gained mutation: You have large cloven feet. [demonic ancestry]
   898 | D:2      | Reached XP level 3. HP: 30/30 MP: 2/2
  1989 | D:3      | Killed from afar by an orc priest

Action                   || total
-------------------------++-------
Melee: Hand axe          ||   146
